 Dungeon Crawl Stone Soup version 0.31.0-12-g77e489cdc1 (webtiles) character file.

Game seed: 3116080316324618678

137 Bobsterar the Chopper (level 5, -1/47 HPs)
             Began as a Hill Orc Fighter on Mar 6, 2024.
             Killed by divine providence
             ... invoked by an orc priest
              (12 damage)
             ... on level 3 of the Dungeon.
             The game lasted 00:06:58 (1888 turns).

Bobsterar the Chopper (Hill Orc Fighter)            Turns: 1888, Time: 00:06:58

Health: -1/47      AC: 14    Str: 21    XL:     5   Next: 20%
Magic:  5/5        EV:  9    Int:  8    God:
Gold:   21         SH:  4    Dex: 10    Spells: 4/4 levels left

rFire   . . .        a - +0 war axe
rCold   . . .        c - +0 buckler
rNeg    . . .        k - +4 scale mail {rPois}
rPois   +            (no helmet)
rElec   .            (no cloak)
rCorr   .            (no gloves)
SInv    .            m - +2 pair of boots
Will    .....        (no amulet) Stlth
                     (no ring)
HPRegen 0.27/turn    (no ring)
MPRegen 0.09/turn

%: no passive effects
@: no status effects
A: no striking features
a: Convert to Beogh


You were on level 3 of the Dungeon.
You visited 1 branch of the dungeon, and saw 3 of its levels.

You collected 21 gold pieces.

Inventory:

Hand Weapons
 a - a +0 war axe (weapon)
Armour
 b - a +0 scale mail
 c - a +0 buckler (worn)
 d - a +2 robe of resistance
 k - a +4 scale mail of poison resistance (worn)
 m - a +2 pair of boots (worn)
Scrolls
 i - a scroll of identify {unknown}
Potions
 e - a potion of enlightenment {unknown}
 g - a potion of brilliance {unknown}
 j - 2 potions of curing {unknown}
 l - a potion of heal wounds {unknown}
 n - a potion of magic {unknown}


   Skills:
 + Level 4.4 Fighting
 + Level 4.7 Axes
 + Level 4.2 Armour
 + Level 0.8 Dodging
 + Level 3.7 Shields


You had 4 spell levels left.
You didn't know any spells.
Your spell library contained the following spells:

 Spells                   Type           Power      Damage    Failure   Level
 Apportation              Tloc           0%         N/A       80%         1
 Necrotise                Necr           0%         1d4       80%         1
 Sting                    Conj/Alch      0%         1d3       80%         1
 Summon Small Mammal      Summ           0%         N/A       80%         1


Dungeon Overview and Level Annotations

Branches:
Dungeon (3/15)

Altars:
Fedhas
Gozag
Ru
Yredelemnul

Annotations:
D:3 Ijyb


Message History

You hit Ijyb but do no damage.
An orc comes into view. It is wielding a +0 club.
You block Ijyb's attack.
There are monsters nearby!
There are monsters nearby!
You aren't wearing any rings or amulets.
Okay, then.
You are not religious.
Ijyb zaps a wand.
The bolt of light hits you!
You are confused.
There is a basalt altar of Yredelemnul here.
Ijyb barely misses you.
You feel less confused. Ijyb barely misses you.
The orc shouts! x2
Ijyb hits you but does no damage.
You barely miss Ijyb. You hit the orc priest.
The orc priest closely misses you. Ijyb barely misses you.
You slash Ijyb!
Ijyb is severely wounded.
You barely miss the orc priest.
The orc priest hits you but does no damage.
Ijyb hits you but does no damage.
As you read the scroll labelled CICRUTHOYKU, it crumbles to dust.
It is a scroll of enchant armour.
Your +3 scale mail of poison resistance glows green for a moment.
The orc priest hits you but does no damage.
Ijyb hits you but does no damage.
The air fills with toxic fumes!
As you read the scroll labelled YTIALI MOILEPP, it crumbles to dust.
It was a scroll of poison.
The orc priest hits you but does no damage.
Ijyb zaps a wand.
The bolt of light hits you!!
Ouch! That really hurt!
* * * LOW HITPOINT WARNING * * *
Okay, then.
Ijyb closely misses you. The orc priest barely misses you.
The orc priest invokes the aid of Beogh against you.
Beogh smites you!
You die...

.o >. . ..## .!
...# ... #..
....#.o##
#..§§§.########
#§§.§#§§§§§#
###§oo§§@§§# .
##§g§§8§§# ..
###§§§§§## ...
#§§§§§§###....
####§§§§....#
###§#..###
#<§...# #..##.#
#.... ..


You could see Ijyb, an orc priest and an orc.

Vanquished Creatures
  Terence (D:2)
  Jessica (D:2)
  5 adders (D:2)
  A ribbon worm (D:2)
  5 endoplasms
  2 giant cockroaches
  2 goblins (D:2)
  3 hobgoblins
  2 quokkas (D:1)
  4 ball pythons
  5 bats
  3 frilled lizards (D:1)
  3 kobolds (D:1)
  3 rats
40 creatures vanquished.

Notes
Turn   | Place    | Note
-------+----------+-------------------------------------------
     0 | D:1      | Bobsterar the Hill Orc Fighter began the quest for the Orb.
     0 | D:1      | Reached XP level 1. HP: 19/19 MP: 1/1
   231 | D:1      | Reached XP level 2. HP: 27/27 MP: 2/2
   746 | D:2      | Reached XP level 3. HP: 31/33 MP: 3/3
   864 | D:2      | Noticed Terence
   877 | D:2      | Killed Terence
   878 | D:2      | Reached XP level 4. HP: 22/40 MP: 4/4
   965 | D:2      | Noticed Jessica
   973 | D:2      | Killed Jessica
  1242 | D:2      | Reached XP level 5. HP: 41/47 MP: 5/5
  1857 | D:3      | Found a sacrificial altar of Ru.
  1857 | D:3      | Found a blossoming altar of Fedhas.
  1857 | D:3      | Found a basalt altar of Yredelemnul.
  1857 | D:3      | Found an opulent altar of Gozag.
  1867 | D:3      | Noticed Ijyb
  1888 | D:3      | Killed from afar by an orc priest

Illustrated notes

Levels and vault maps discovered:
D:1:      matt_arrival_diagonals, layout_basic
D:2:      layout_basic, serial_bayou_pond_a, uniq_jessica, uniq_terence
D:3:      layout_rooms, chequers_temple_overflow_statue_of_worship, uniq_ijyb

Skill      XL: |  1  2  3  4 |
---------------+-------------+-----
Axes           | 3 4 |  4.7
Armour         | 4 |  4.2
Fighting       | 4 |  4.4
Dodging        | |  0.8
Shields        | |  3.7

Action                     |  1- 3 |  4- 6 || total
---------------------------+-------+-------++-------
  Melee: War axe           |    91 |    44 ||   135
    Use: Potion            |       |     1 ||     1
         Scroll            |       |     2 ||     2
 Armour: Scale mail        |    57 |    38 ||    95
  Dodge: Dodged            |    44 |    28 ||    72
  Block: Buckler           |    27 |    10 ||    37
